 Dungeon Crawl Stone Soup version 0.15.2 (webtiles) character file.

248868 magipi the Severer (level 19, -23/116 HPs)
             Began as a Gargoyle Berserker on June 29, 2016.
             Was the Champion of Trog.
             Killed from afar by a deep elf annihilator (64 damage)
             ... with a crystal spear
             ... led by an ironheart preserver
             ... on Level 3 of the Vaults on June 30, 2016.
             The game lasted 03:42:12 (31170 turns).

magipi the Severer (Gargoyle Berserker)            Turns: 31170, Time: 03:42:12

HP -23/116       AC 40     Str 22      XL: 19   Next: 58%
MP  34/34        EV 18     Int 10      God: Trog [******]
Gold 2112        SH  0     Dex 18      Spells:  0 memorised, 18 levels left

rFire  + . .     SeeInvis +     a - +8 executioner's axe (elec)
rCold  . . .     Clarity  +     u - +2 chain mail "Leagh" {MR+ Dex+4 SInv}
rNeg   + . .     rCorr    .     (no shield)
rPois  +         rRot     +     L - +1 helmet
rElec  +         Spirit   .     D - +2 cloak
SustAb .         Warding  .     z - +1 pair of gloves
rMut   .         Stasis   .     w - +1 pair of boots
Gourm  .                        Y - amulet of clarity
MR     ++...                    o - ring of protection from fire
                                Q - +4 ring of evasion

@: very resistant to hostile enchantments, extremely unstealthy
A: able to fly continuously, big wings, see invisible, negative energy
resistance 1, regeneration 1, electricity resistance, unbreathing, petrification
resistance, rot immunity, AC +13
a: Fly, Burn Spellbooks, Berserk, Trog's Hand, Brothers in Arms, Renounce
Religion
}: 2/15 runes: decaying, gossamer


You were on level 3 of the Vaults.
You worshipped Trog.
Trog was exalted by your worship.
You were not hungry.

You visited 7 branches of the dungeon, and saw 41 of its levels.

You collected 3882 gold pieces.
You spent 1770 gold pieces at shops.

Inventory:

Hand weapons
 a - a +8 executioner's axe of electrocution (weapon)
 b - a +4 executioner's axe of flaming
 x - a +4 antimagic battleaxe
 y - a +0 blowgun
Missiles
 m - 6 needles of sleeping
 v - 2 poisoned javelins (quivered)
 F - 3 javelins
 H - 19 poisoned needles
 M - 4 javelins of penetration
 R - 6 curare-tipped needles
 S - 15 silver javelins
Armour
 u - the +2 chain mail "Leagh" (worn) {MR+ Dex+4 SInv}
   (You found it on level 2 of the Lair of Beasts)

   It affects your dexterity (+4).
   It affects your resistance to hostile enchantments.
   It enhances your eyesight.
 w - a +1 pair of boots (worn)
 z - a +1 pair of gloves (worn)
 D - a +2 cloak (worn)
 L - a +1 helmet (worn)
 X - a +2 scale mail of cold resistance
Magical devices
 q - a wand of lightning (4)
 C - a wand of digging (11)
 O - a wand of polymorph (12)
 T - a wand of lightning (7)
 V - a wand of disintegration (7)
Comestibles
 c - 19 bread rations
 n - 17 meat rations
Scrolls
 i - 15 scrolls of remove curse
 j - 2 scrolls of enchant armour
 l - 6 scrolls of magic mapping
 s - 7 scrolls of teleportation
 t - 5 scrolls of fear
 K - a scroll of identify
 N - a scroll of fog
Jewellery
 e - the ring of Xom's Ringing Laughter {rElec Int+3}
   (You bought it in a shop on level 4 of the Orcish Mines)

   [ring of intelligence]

   It affects your intelligence (+3).
   It insulates you from electricity.
 f - an uncursed ring of protection from fire
 g - an uncursed ring of wizardry
 o - a ring of protection from fire (right hand)
 E - an uncursed ring of teleport control
 J - an uncursed amulet of resist corrosion
 Q - a +4 ring of evasion (left hand)
 U - an uncursed amulet of warding
 Y - an amulet of clarity (around neck)
Potions
 d - 3 potions of invisibility
 h - 5 potions of restore abilities
 k - 3 potions of might
 p - 18 potions of curing
 r - 5 potions of agility
 A - a potion of resistance
 B - a potion of cancellation
 I - a potion of porridge
 P - 6 potions of heal wounds
 Z - 2 potions of haste


   Skills:
 - Level 12.1 Fighting
 + Level 18.7 Axes
 - Level 11.0 Throwing
 - Level 14.1 Armour
 + Level 12.2 Dodging
 - Level 13.5 Evocations


You had 18 spell levels left.
You didn't know any spells.

Dungeon Overview and Level Annotations

Branches:
Dungeon (15/15)            Temple (1/1) D:5             Orc (4/4) D:11
    Elf (0/3) Orc:4          Lair (8/8) D:11          Swamp (5/5) Lair:3
 Spider (5/5) Lair:6        Slime (0/6) Lair:6       Vaults (3/5) D:14
 Depths (0/5) D:15
  Crypt: Vaults:2-3

Altars:
Ashenzari
Cheibriados
Dithmenos
Elyvilon
Fedhas
Kikubaaqudgha
Makhleb
Nemelex Xobeh
Okawaru
Qazlal
Sif Muna
Trog
Vehumet
Xom
Yredelemnul
Zin
The Shining One
Beogh
Jiyva

Shops:
D:4 (   D:6 [   D:9 [   D:15 [   Orc:4 ?=[((

Annotations:
Lair:2 exclusion: oklob plant
Swamp:4 exclusion: Roxanne, Roxanne


Innate Abilities, Weirdness & Mutations

You are resistant to torment.
You are immune to poison.
You can fly continuously.
Your stone body is very resilient (AC +13).
Your wings are large and strong.
You resist negative energy.
You are resistant to electric shocks.
You can survive without breathing.
You are immune to petrification.
You are immune to rotting.
You have supernaturally acute eyesight.
Your natural rate of healing is unusually fast.

Vault maps used:
D:1:      dpeg_arrival_tiny_c, minmay_tree_intersection
D:2:      nicolae_overflow_hidden_temple, lemuel_crystal_altar, minitemple,
          okawaru_altar_gauntlet_db
D:3:      fiery_altar_vehumet
D:4:      nemelex_deck, lemuel_round_altar, serial_shops, shop
D:5:      nicolae_dithmenos_shadow_blocks, lemuel_crystal_altar,
          minmay_temple_entry_hall, first_bread, hangedman_decor_push,
          minmay_misc_feat_ornament
D:6:      serial_shops, nicolae_shop_temple_entry_statues_fountains,
          minmay_gold_behind_plants, roderic_serpentine_path
D:7:      lemuel_coloured_pillars_altar, fountainhead
D:8:      corexii_shack_village, hangedman_pestilent_swarm,
          david_defended_altar_orc
D:9:      basic_altar, serial_shops, shop, minmay_item_behind_shaft,
          nemelex_diamond_rough_becter
D:11:     minmay_orc_entry_temple_small, erik_lair_island, minmay_holes,
          lemuel_old_faithful
D:12:     fedhas_altar_1
D:13:     lemuel_jelly_drop_a, uniq_grum, uniq_erica, uniq_maurice
D:14:     david_vaults_3, minmay_stone_trees_small
D:15:     gammafunk_depths_entry_grave, serial_shops, shop_fountains,
          grunt_decor_fettered, uniq_nessos
Temple:   pf_slimified_temple
Orc:2:    trog_butcher_becter
Orc:3:    serial_shops, nicolae_orc_pool_cavern, nicolae_orc_damp_corner,
          trog_hazing_becter
Orc:4:    serial_shops, shop_fountains, st_orc_ogre_mass,
          nicolae_orc_crystal_geode
Lair:1:   nicolae_volcano_entry_two_sided
Lair:2:   minmay_lair_oklob_bushes, grunt_megastairs_2
Lair:3:   swamp_mist, hibernation_bobbens, serial_bayou_shore_a,
          serial_bayou_shore_b
Lair:4:   lemuel_fruit_tree, serial_bayou_shore_b, infiniplex_staircase_pool_2
Lair:5:   basic_altar, serial_pond, minmay_pond_plants_r, minmay_pond_plants_g,
          roderic_batcave
Lair:6:   dummy_spider_entry, dpeg_slime_entry_enclosed_altar,
          roderic_carrion_pond, uniq_rupert
Lair:7:   grunt_forest_small_clearings
Lair:8:   hangedman_lair_caniforms_friends, columned_hall_lemuel, minivault_23
Swamp:1:  nicolae_swamp_fairy_circle
Swamp:2:  evilmike_swamp_ruin_house_1
Swamp:3:  hangedman_swamp_blocks
Swamp:4:  evilmike_swamp_ruin_house_6, uniq_roxanne
Swamp:5:  swamp_alternative
Spider:1: nicolae_crawler_farm
Spider:2: uniq_arachne
Spider:3: uniq_azrael, uniq_kirke
Spider:4: zaba_anthell, uniq_louise
Spider:5: guppyfry_spider_rune, guppyfry_spider_mini_3
Vaults:1: vaults_mumra_lcd, grunt_vaults_swirl, v_misc_23, st_octagons_1
Vaults:2: nicolae_vaults_triangles, nicolae_vaults_lopsided_apartments,
          v_misc_29, v_alt_pattern_3, nicolae_vaults_diagonal_hallway_8,
          hangedman_vaults_nails, v_misc_32, dpeg_vaults_monster_box, v_misc_3,
          ontoclasm_vaults_fault, v_misc_25
Vaults:3: hangedman_vaults_locks, nicolae_vaults_twisting_passages,
          minmay_crypt_entry_vampire_xt, nicolae_vaults_little_squares_3,
          v_misc_14, nicolae_vaults_ring_of_whatevers, vaults_mumra_minichess,
          nicolae_vaults_three_branches, hangedman_vaults_snaps,
          nicolae_vaults_border_crossing, uniq_norris


Message History

Trog accepts your kill.
Trog appreciates your killing of a magic user.
Things that are here:
a long sword; an elf corpse You barely miss the ironheart preserver.
The ironheart preserver is moderately wounded.
You hit the ironheart preserver.
There is a sudden explosion of sparks!
The ironheart preserver is heavily wounded.
The ironheart preserver casts a spell.
The ironheart preserver is healed somewhat.
The ironheart preserver hits you with a dire flail!
You slice the ironheart preserver!!
The ironheart preserver is severely wounded.
You open the ironheart preserver like a pillowcase!!!
There is a sudden explosion of sparks!
You kill the ironheart preserver!
Trog accepts your kill.
Trog appreciates your killing of a magic user.
Things that are here:
a long sword; an elf corpse You offer a prayer to Trog.
The elf corpse is consumed in a column of flame.
Trog is exalted by your worship.
Things that are here:
a dire flail; a chain mail; a human corpse You offer a prayer to Trog.
The human corpse is consumed in a column of flame.
Trog is exalted by your worship.
Things that are here:
a dire flail; a chain mail You see here a long sword.
There is an open door here.
There is a stone staircase leading down here.
You climb downwards. 4 elves, 2 yaktaurs, a vault warden and an ironheart preserver come into view.
The ironheart preserver shouts!
The deep elf annihilator shouts!
The deep elf fighter shouts!
The vault warden shouts!
The yaktaur shouts!
The yaktaur shouts!
The yaktaur wields an arbalest.
The yaktaur shoots a bolt of frost.
The bolt of frost hits you but does no damage.
The bolt of frost freezes you. The yaktaur hits you.
The deep elf annihilator mumbles some strange words.
The deep elf annihilator blinks!
The deep elf annihilator hits you but does no damage.
The vault warden completely misses you.
Found 24 sling bullets.
There is a stone staircase leading up here.
You hit the deep elf fighter.
There is a sudden explosion of sparks!
The deep elf fighter is severely wounded.
You barely miss the vault warden. You slash the deep elf annihilator!
The deep elf annihilator is moderately wounded.
You hit the yaktaur.
There is a sudden explosion of sparks!
The yaktaur is severely wounded.
You hit the ironheart preserver but do no damage.
The yaktaur hits you but does no damage.
The ironheart preserver barely misses you.
The deep elf death mage beckons forth a restless soul!
The vault warden hits you with a runed war axe!
The deep elf annihilator hits you but does no damage.
You closely miss the vault warden. You slice the deep elf annihilator!!
The deep elf annihilator is severely wounded.
You slice the yaktaur!!
The lost soul assumes the form of the yaktaur and becomes anchored to this world!
You barely miss the deep elf fighter.
The deep elf fighter is severely wounded.
You barely miss the ironheart preserver.
The yaktaur hits you but does no damage.
The deep elf fighter hits you but does no damage.
The ironheart preserver barely misses you.
The deep elf annihilator misses you.
The vault warden activates a sealing rune.
You hit the vault warden but do no damage.
You closely miss the deep elf annihilator.
The deep elf annihilator is severely wounded.
You slice the yaktaur!!
The yaktaur is severely wounded.
You closely miss the deep elf fighter.
The deep elf fighter is severely wounded.
You slash the ironheart preserver!
The ironheart preserver is lightly wounded.
The yaktaur hits you!
The ironheart preserver hits you with a runed mace!
The vault warden hits you but does no damage.
The yaktaur shoots a bolt of frost.
The bolt of frost hits you but does no damage.
The bolt of frost freezes you.
The deep elf annihilator gestures at you while chanting.
The iron shot hits you!
You are too injured to fight recklessly!
Unknown command.
Unknown command.
Unknown command.
Use which ability? (? or * to list)
Your stone giant goes berserk!
You feel somewhat more hungry.
The yaktaur hits you but does no damage.
The deep elf annihilator points at you and mumbles some strange words.
The crystal spear hits you!
Ouch! That really hurt!
You die...

###########
#..........#
#..........#
#.....Cee..#
#......epc.#
#.....c@...+
#.....e.p..#
#+##########
.. .


You could see a vault warden, an ironheart preserver, 2 deep elf annihilators, a
deep elf death mage, 2 yaktaurs, a deep elf fighter and a friendly stone giant
(berserk).

Table legend:
 A = Kills in this place as a percentage of kills in entire the game.
 B = Kills by you in this place as a percentage of kills by you in the entire game.
 C = Kills by friends in this place as a percentage of kills by friends in the entire game.
 D = Other kills in this place as a percentage of other kills in the entire game.
 E = Experience gained in this place as a percentage of experience gained in the entire game.
 F = Experience gained in this place divided by the number of levels of this place that you have seen.
                   A       B       C       D       E      F
               +-------+-------+-------+-------+-------+----------------------
         Total | 100.0 | 100.0 | 100.0 | 100.0 | 100.0 | 8894.4
       Dungeon |  29.0 |  29.0 |   0.0 |   0.0 |  15.9 | 3853.8
  Orcish Mines |  14.1 |  14.2 |   0.0 |   0.0 |   4.8 | 4376.8
          Lair |  20.9 |  20.9 |  25.0 |   0.0 |  14.8 | 6749.5
         Swamp |  11.6 |  11.4 |  75.0 |   0.0 |  17.9 | 13037.6
   Spider Nest |  17.7 |  17.7 |   0.0 | 100.0 |  27.5 | 20026.8
        Vaults |   6.7 |   6.8 |   0.0 |   0.0 |  19.2 | 23346.7
               +-------+-------+-------+-------+-------+----------------------

Vanquished Creatures
  Arachne (Spider:2)
  A sphinx (Vaults:2)
  Rupert (Lair:6)
  Kirke (Spider:3)
  2 ghost moths (Spider:5)
  Donald (D:14)
  Louise (Spider:4)
  7 emperor scorpions
  5 vault wardens
  A stone giant (Vaults:2)
  A deep elf annihilator (Vaults:2)
  Azrael (Spider:3)
  An ettin (Orc:4)
  7 ironheart preservers
  3 yaktaur captains
  An ice dragon (Vaults:1)
  25 hydras
  Nessos (D:15)
  2 shambling mangroves
  7 ogre magi
  Erica (D:13)
  The ghost of mopl the Grappler, an experienced TrDK of Yredelemnul (D:10)
  4 centaur warriors
  5 death yaks (Lair:5)
  A deep troll shaman (Vaults:2)
  6 alligators
  A catoblepas (shapeshifter) (Vaults:1)
  A fire crab (shapeshifter) (Vaults:2)
  A catoblepas (Lair:7)
  2 fire crabs (Vaults:1)
  3 skeletal warriors
  A giant orange brain (Vaults:1)
  2 spriggan druids
  15 orb spiders
  4 hill giants
  11 swamp dragons
  A giant orange brain (shapeshifter) (D:15)
  12 deep trolls
  11 ironbrand convokers
  3 unseen horrors
  8 orc knights
  2 necromancers
  6 griffons
  30 wolf spiders
  A phantasmal warrior (D:15)
  17 ugly things
  8 red wasps
  3 cyclopes
  An orc sorcerer (D:15)
  A moth of wrath (Spider:5)
  2 manticores
  A black mamba (Lair:3)
  A dire elephant zombie (D:15)
  Maurice (D:13)
  A frost giant skeleton (D:15)
  A guardian serpent (shapeshifter) (D:15)
  2 octopodes (shapeshifter)
  A queen ant (Spider:4)
  6 elephants
  3 vault sentinels (Vaults:1)
  A torpor snail (Spider:3)
  24 spiny frogs
  2 gargoyles
  A stone giant skeleton (D:15)
  An item mimic (D:12)
  A tengu conjurer (D:14)
  5 fire drakes
  21 demonic crawlers
  4 komodo dragons
  14 yaktaurs
  A hydra zombie (D:12)
  A queen bee (Lair:6)
  4 trolls
  5 polar bears (Lair:8)
  27 jumping spiders
  A raiju (shapeshifter) (D:13)
  12 ravens
  21 two-headed ogres
  A frost giant simulacrum (Vaults:2)
  7 giant leeches
  6 baby alligators
  10 bog bodies
  11 blink frogs
  A hydra skeleton (D:11)
  26 slime creatures
  A boulder beetle (shapeshifter) (Vaults:2)
  2 boulder beetles
  2 basilisks
  An orc simulacrum (Vaults:1)
  5 shadows
  19 trapdoor spiders
  21 yaks
  5 spriggans
  13 hogs
  A deep troll skeleton (D:15)
  2 wraiths (D:12)
  5 deep elf magi
  A golden eye (shapeshifter) (Vaults:1)
  45 redbacks
  4 fire elementals (Spider:3)
  12 hippogriffs
  25 tarantellas
  14 vampire mosquitoes
  16 humans (D:14)
  Grum (D:13)
  2 deep elf fighters (Vaults:2)
  21 wolves
  2 wyverns (Lair:6)
  23 soldier ants (Spider:4)
  A human (shapeshifter) (Vaults:2)
  2 hungry ghosts
  A tengu zombie (D:12)
  A mottled dragon (D:15)
  10 porcupines
  The ghost of Yermak the Sneak, an average FeHe of Elyvilon (D:4)
  9 wargs
  20 water moccasins
  2 ice beasts
  28 swamp worms
  7 hell hounds
  3 phantoms
  6 black bears (Lair:8)
  22 orc warriors
  2 sky beasts
  10 yellow wasps
  21 spiders
  9 swamp drakes
  6 necrophages
  13 centaurs
  20 crocodiles
  33 ogres
  A boggart (Vaults:2)
  An orc skeleton (D:12)
  4 boring beetles
  2 big kobolds
  23 giant frogs
  2 brain worms
  A wyvern zombie (D:8)
  13 insubstantial wisps
  2 scorpions
  A yak zombie (D:10)
  10 electric eels
  29 killer bees
  A vampire bat (Lair:5)
  6 crimson imps
  24 wights
  2 goliath beetles
  A goliath beetle (shapeshifter) (D:14)
  3 jellies
  A yellow wasp zombie (D:12)
  A black bear zombie (D:8)
  22 orc wizards
  A giant frog zombie (D:8)
  9 iguanas
  28 hounds
  27 orc priests
  37 worker ants
  11 sheep
  An ogre zombie (D:10)
  A mottled dragon zombie (D:13)
  An ogre skeleton (D:5)
  A mummy (D:13)
  17 gnolls
  2 orc zombies
  23 adders
  2 shadow imps
  53 green rats
  2 worms
  3 giant mites
  An adder skeleton (D:4)
  A giant gecko (D:3)
  2 oozes (D:1)
  169 orcs
  8 giant cockroaches
  18 goblins
  17 hobgoblins
  23 jackals
  18 kobolds
  13 quokkas
  2 ball pythons
  29 bats
  6 giant newts
  A gnoll skeleton (D:5)
  A goblin skeleton (D:4)
  A hobgoblin zombie (D:5)
  A kobold zombie (D:5)
  16 rats
  A rat skeleton (D:7)
  A briar patch (Swamp:5)
  6 fungi
  8 plants
1642 creatures vanquished.

Vanquished Creatures (collateral kills)
  A thorn hunter (Swamp:5)
  A spriggan druid (Swamp:5)
  A swamp drake (Swamp:5)
  A giant frog (Lair:6)
4 creatures vanquished.

Vanquished Creatures (others)
  A hill giant (Swamp:5)
  An orb spider (Spider:5)
  A troll (Lair:6)
  A lost soul (Vaults:3)
  An orc wizard (D:5)
  6 green rats (Lair:6)
  2 fungi
  4 plants
17 creatures vanquished.

Grand Total: 1663 creatures vanquished

Notes
Turn   | Place    | Note
--------------------------------------------------------------
     0 | D:1      | magipi, the Gargoyle Berserker, began the quest for the Orb.
     0 | D:1      | Reached XP level 1. HP: 14/14 MP: 1/1
    88 | D:1      | Reached XP level 2. HP: 16/19 MP: 2/2
   234 | D:1      | Acquired Trog's second power
   385 | D:1      | Reached XP level 3. HP: 12/23 MP: 3/3
   541 | D:2      | Reached skill level 4 in Axes
   656 | D:2      | Found an iron altar of Okawaru.
   672 | D:2      | Reached XP level 4. HP: 28/28 MP: 4/4
   759 | D:2      | Found a deep blue altar of Sif Muna.
   909 | D:2      | Found an ancient bone altar of Kikubaaqudgha.
   985 | D:2      | Found a glowing silver altar of Zin.
   988 | D:2      | Found a glowing golden altar of the Shining One.
  1257 | D:2      | Reached skill level 5 in Axes
  1257 | D:2      | Reached XP level 5. HP: 20/32 MP: 5/5
  1821 | D:3      | Acquired Trog's third power
  1945 | D:3      | Found a radiant altar of Vehumet.
  2061 | D:3      | Reached skill level 6 in Axes
  2061 | D:3      | Reached XP level 6. HP: 37/37 MP: 6/6
  2154 | D:4      | Gained mutation: Your natural rate of healing is unusually fast. [potion of beneficial mutation]
  2178 | D:4      | Noticed Yermak's ghost (average FeHe)
  2194 | D:4      | Killed Yermak's ghost
  2231 | D:4      | Reached skill level 7 in Axes
  2231 | D:4      | Reached XP level 7. HP: 38/41 MP: 7/7
  2395 | D:4      | Found a sparkling altar of Nemelex Xobeh.
  2728 | D:4      | Found a shattered altar of Ashenzari.
  2771 | D:4      | Found Qanim's Weapon Boutique.
  2874 | D:5      | Entered Level 5 of the Dungeon
  2876 | D:5      | Found a staircase to the Ecumenical Temple.
  2883 | Temple   | Entered the Ecumenical Temple
  3042 | D:5      | Found a snail-covered altar of Cheibriados.
  3259 | D:5      | Reached XP level 8. HP: 48/48 MP: 8/8
  3297 | D:5      | Found a shadowy altar of Dithmenos.
  3576 | D:6      | Reached skill level 5 in Fighting
  3858 | D:6      | Reached skill level 5 in Armour
  3869 | D:6      | Found Lotaot's Armour Shop.
  3878 | D:6      | Bought a +0 pair of boots for 49 gold pieces
  3878 | D:6      | Bought a +2 cloak for 181 gold pieces
  4037 | D:6      | Reached skill level 8 in Axes
  4262 | D:6      | Got a heavily runed chain mail
  4279 | D:6      | Identified the cursed +0 chain mail "Brydibam" {rPois Str+3} (You found it on level 6 of the Dungeon)
  4771 | D:7      | Reached XP level 9. HP: 56/56 MP: 9/9
  4798 | D:7      | Found a basalt altar of Yredelemnul.
  5263 | D:8      | Received a gift from Trog
  5523 | D:8      | Reached skill level 9 in Axes
  5864 | D:8      | Found a roughly hewn altar of Beogh.
  5950 | D:8      | Reached XP level 10. HP: 55/64 MP: 10/10
  6311 | D:9      | Found Asum's Antique Armour Boutique.
  6337 | D:9      | Bought a glowing helmet for 81 gold pieces
  6337 | D:9      | Bought a pair of fine boots for 171 gold pieces
  6360 | D:9      | Identified the cursed -1 pair of boots "Ihosazea" {Str+3 Dex-2} (You bought it in a shop on level 9 of the Dungeon)
  6427 | D:9      | Found a sparkling altar of Nemelex Xobeh.
  6437 | D:9      | Found a shadowy altar of Dithmenos.
  6843 | D:10     | Entered Level 10 of the Dungeon
  6995 | D:10     | Noticed mopl's ghost (experienced TrDK)
  7018 | D:10     | Killed mopl's ghost
  7018 | D:10     | Reached skill level 10 in Axes
  7085 | D:10     | Received a gift from Trog
  7965 | D:11     | Found a staircase to the Orcish Mines.
  7976 | D:11     | Found a roughly hewn altar of Beogh.
  8013 | D:11     | Reached skill level 10 in Fighting
  8013 | D:11     | Reached XP level 11. HP: 72/72 MP: 11/11
  8037 | D:11     | Found a staircase to the Lair.
  8343 | D:12     | Reached skill level 10 in Armour
  8659 | D:12     | Reached skill level 11 in Axes
  8671 | D:12     | Received a gift from Trog
  8795 | D:12     | Noticed an eight-headed hydra
  8821 | D:12     | Found a blossoming altar of Fedhas.
  8821 | D:12     | Noticed an orc knight
  8827 | D:12     | Noticed a six-headed hydra
  8867 | D:12     | Noticed a hill giant
  8902 | D:13     | Killed an unseen horror
  8966 | D:13     | Noticed Grum
  9000 | D:13     | Killed Grum
  9052 | D:13     | Reached XP level 12. HP: 53/80 MP: 12/12
  9070 | D:13     | Noticed Maurice
  9074 | D:13     | Noticed a centaur warrior
  9092 | D:13     | Killed a centaur warrior
  9119 | D:13     | Killed Maurice
  9223 | D:13     | Noticed Erica
  9249 | D:13     | Killed Erica
  9249 | D:13     | Reached skill level 12 in Fighting
  9345 | D:13     | Killed an unseen horror
  9553 | D:12     | Noticed a hill giant
  9607 | Lair:1   | Entered Level 1 of the Lair of Beasts
  9645 | Lair:1   | Found a dark tunnel.
  9739 | Lair:1   | Reached skill level 1 in Throwing
 10264 | Lair:1   | Received a gift from Trog
 10790 | Lair:2   | Got a transparent chain mail
 10814 | Lair:2   | Identified the cursed +2 chain mail "Leagh" {MR+ Dex+4 SInv} (You found it on level 2 of the Lair of Beasts)
 10872 | Lair:2   | Noticed a four-headed hydra
 10883 | Lair:2   | Killed a four-headed hydra
 11603 | Lair:3   | Found a staircase to the Swamp.
 11652 | Lair:3   | Reached XP level 13. HP: 62/86 MP: 13/13
 11793 | Lair:4   | Reached skill level 5 in Throwing
 12079 | Lair:4   | Received a gift from Trog
 12082 | Lair:4   | Got an ancient battleaxe {god gift}
 12083 | Lair:4   | Identified the +7 battleaxe of Beviz {freeze, Str+1} (Trog gifted it to you on level 4 of the Lair of Beasts)
 12160 | Lair:4   | Reached skill level 5 in Dodging
 12786 | Lair:5   | Found a bloodstained altar of Trog.
 12837 | Lair:5   | Reached skill level 13 in Axes
 13034 | Lair:6   | Received a gift from Trog
 13331 | Lair:6   | Gained mutation: You have supernaturally acute eyesight. [potion of beneficial mutation]
 13338 | Lair:6   | Found a viscous altar of Jiyva.
 13338 | Lair:6   | Found a staircase to the Slime Pits.
 13427 | Lair:6   | Noticed Rupert
 13451 | Lair:6   | Killed Rupert
 13474 | Lair:6   | Received a gift from Trog
 13540 | Lair:6   | Found a hole to the Spider Nest.
 13622 | Lair:6   | Gained mutation: Your wings are large and strong. [gargoyle growth]
 13622 | Lair:6   | Reached XP level 14. HP: 92/92 MP: 14/14
 13647 | Lair:6   | Received a gift from Trog
 14308 | Lair:7   | Reached skill level 1 in Evocations
 14434 | Lair:8   | Entered Level 8 of the Lair of Beasts
 14734 | Lair:8   | Received a gift from Trog
 14813 | Lair:8   | Received a gift from Trog
 15358 | Lair:8   | Received a gift from Trog
 15358 | Lair:8   | Reached skill level 14 in Axes
 15691 | Orc:1    | Entered Level 1 of the Orcish Mines
 15980 | Orc:2    | Received a gift from Trog
 16276 | Orc:2    | Found a bloodstained altar of Trog.
 16294 | Orc:2    | Received a gift from Trog
 16517 | Orc:2    | Received a gift from Trog
 16847 | Orc:3    | Found a bloodstained altar of Trog.
 16982 | Orc:4    | Entered Level 4 of the Orcish Mines
 17024 | Orc:4    | Received a gift from Trog
 17132 | Orc:4    | Reached skill level 5 in Evocations
 17158 | Orc:4    | Found Puxeuqog's Antique Armour Shop.
 17158 | Orc:4    | Found Raaff's Jewellery Emporium.
 17159 | Orc:4    | Found Vexonkun's Antique Weapon Shoppe.
 17159 | Orc:4    | Found Ebruhang's Weapon Shop.
 17185 | Orc:4    | Reached XP level 15. HP: 70/96 MP: 23/23
 17224 | Orc:4    | Bought the ring of Xom's Ringing Laughter {rElec Int+3} for 445 gold pieces
 17224 | Orc:4    | Bought an uncursed amulet of resist corrosion for 300 gold pieces
 17224 | Orc:4    | Bought an uncursed ring of protection from fire for 375 gold pieces
 17440 | Orc:4    | Found Plaiq's Magic Scroll Boutique.
 17446 | Orc:4    | Found a staircase to the Elven Halls.
 17461 | Orc:4    | Received a gift from Trog
 17474 | Orc:4    | Bought a scroll of noise for 16 gold pieces
 17474 | Orc:4    | Bought a scroll of identify for 32 gold pieces
 17474 | Orc:4    | Bought a scroll of enchant weapon for 120 gold pieces
 17879 | D:12     | Reached skill level 10 in Throwing
 17883 | D:12     | Killed a hill giant
 17935 | D:12     | Killed a six-headed hydra
 18026 | D:12     | Killed an orc knight
 18027 | D:12     | Killed a hill giant
 18398 | D:14     | Noticed Donald
 18454 | D:14     | Killed Donald
 18471 | D:14     | Received a gift from Trog
 18564 | D:14     | Found a gate to the Vaults.
 18939 | D:15     | Entered Level 15 of the Dungeon
 19022 | D:15     | Found a staircase to the Depths.
 19090 | D:15     | Received a gift from Trog
 19096 | D:15     | Noticed Nessos
 19123 | D:15     | Killed Nessos
 19186 | D:15     | Found Xeah's Antique Armour Boutique.
 19775 | Swamp:1  | Entered Level 1 of the Swamp
 19852 | Swamp:1  | Reached XP level 16. HP: 59/101 MP: 27/27
 20114 | Swamp:1  | Reached skill level 15 in Axes
 20272 | Swamp:1  | Received a gift from Trog
 20272 | Swamp:1  | Reached skill level 10 in Dodging
 20792 | Swamp:2  | Received a gift from Trog
 21289 | Swamp:3  | Received a gift from Trog
 21545 | Swamp:4  | Noticed Roxanne
 21952 | Swamp:4  | Reached skill level 10 in Evocations
 21990 | Swamp:5  | Entered Level 5 of the Swamp
 22559 | Swamp:5  | Reached skill level 16 in Axes
 22712 | Swamp:5  | Received a gift from Trog
 22750 | Swamp:5  | Reached XP level 17. HP: 98/106 MP: 30/30
 22946 | Swamp:5  | Noticed a thorn hunter
 22953 | Swamp:5  | Killed a thorn hunter
 22988 | Swamp:5  | Got a decaying rune of Zot
 23225 | Spider:1 | Entered Level 1 of the Spider Nest
 24298 | Spider:2 | Received a gift from Trog
 24366 | Spider:2 | Noticed Arachne
 24486 | Spider:2 | Received a gift from Trog
 24522 | Spider:2 | Received a gift from Trog
 24623 | Spider:2 | Killed Arachne
 24681 | Spider:2 | Received a gift from Trog
 25008 | Spider:3 | Reached skill level 17 in Axes
 25250 | Spider:3 | Noticed Azrael
 25270 | Spider:3 | Killed Azrael
 25513 | Spider:3 | Received a gift from Trog
 25726 | Spider:3 | Noticed Kirke
 25744 | Spider:3 | Killed Kirke
 25995 | Spider:4 | Received a gift from Trog
 26107 | Spider:4 | Received a gift from Trog
 26181 | Spider:4 | Noticed Louise
 26211 | Spider:4 | Killed Louise
 26211 | Spider:4 | Reached XP level 18. HP: 98/112 MP: 33/33
 26467 | Spider:5 | Entered Level 5 of the Spider Nest
 26528 | Spider:5 | Received a gift from Trog
 26646 | Spider:5 | Received a gift from Trog
 26768 | Spider:4 | Received a gift from Trog
 26960 | Spider:5 | Received a gift from Trog
 27443 | Spider:5 | Got a gossamer rune of Zot
 28290 | D:12     | Received a gift from Trog
 28316 | D:14     | Reached skill level 18 in Axes
 28324 | Vaults:1 | Entered Level 1 of the Vaults
 28529 | Vaults:1 | Got an ancient silver ring
 28531 | Vaults:1 | Identified the cursed ring "Psoffuj" {+Blink EV-3} (You found it on level 1 of the Vaults)
 28840 | Vaults:1 | Received a gift from Trog
 28963 | Vaults:1 | Noticed a golden dragon
 28963 | Vaults:1 | a stone giant changed into a golden dragon
 28964 | Vaults:1 | a golden dragon changed into an iron dragon
 29515 | Vaults:1 | Reached XP level 19. HP: 116/116 MP: 34/34
 30018 | Vaults:2 | Received a gift from Trog
 30894 | Vaults:2 | Received a gift from Trog
 31170 | Vaults:3 | Killed from afar by a deep elf annihilator

Action                   |  1- 3 |  4- 6 |  7- 9 | 10-12 | 13-15 | 16-18 | 19-21 || total
-------------------------+-------+-------+-------+-------+-------+-------+-------++-------
Melee: Hand axe          |   115 |    54 |       |       |       |       |       ||   169
       Unarmed           |       |   171 |       |     1 |    16 |       |       ||   188
       War axe           |       |   118 |   582 |   269 |       |       |       ||   969
       Broad axe         |       |       |       |   386 |       |       |       ||   386
       Executioner's axe |       |       |       |   108 |  1310 |  1548 |   247 ||  3213
       Battleaxe         |       |       |       |       |    21 |       |       ||    21
Throw: Javelin           |       |       |     8 |     8 |    40 |    16 |       ||    72
Invok: Berserk           |       |     3 |     5 |     6 |     6 |     6 |     2 ||    28
       Trog's Hand       |       |       |       |     3 |     7 |     4 |     3 ||    17
       Burn Spellbooks   |       |       |       |       |     2 |       |       ||     2
       Brothers in Arms  |       |       |       |       |     1 |     2 |     1 ||     4
 Abil: Fly               |       |       |       |       |     1 |     2 |       ||     3
       Stop Flying       |       |       |       |       |       |       |     1 ||     1
Evoke: Wand              |       |       |     2 |     8 |    12 |    35 |       ||    57
  Use: Scroll            |       |     6 |     8 |    15 |    20 |     6 |     2 ||    57
       Potion            |       |     1 |       |       |     1 |       |       ||     2
 Stab: Paralysed         |       |       |       |     2 |       |    18 |       ||    20
  Eat: Chunk             |       |     8 |    11 |     6 |     3 |     2 |       ||    30
       Royal jelly       |       |       |     1 |     2 |     9 |    18 |     3 ||    33
       Beef jerky        |       |       |     2 |     6 |     3 |     2 |     1 ||    14
       Pizza             |       |       |     1 |     5 |       |     1 |     1 ||     8
       Fruit             |       |       |       |     2 |    14 |       |       ||    16

Action                   |  1- 3 |  4- 6 |  7- 9 | 10-12 | 13-15 | 16-18 | 19-21 || total
-------------------------+-------+-------+-------+-------+-------+-------+-------++-------
Melee: Hand axe          |   115 |    54 |       |       |       |       |       ||   169
       Unarmed           |       |   171 |       |     1 |    16 |       |       ||   188
       War axe           |       |   118 |   582 |   269 |       |       |       ||   969
       Broad axe         |       |       |       |   386 |       |       |       ||   386
       Executioner's axe |       |       |       |   108 |  1310 |  1548 |   247 ||  3213
       Battleaxe         |       |       |       |       |    21 |       |       ||    21
Throw: Javelin           |       |       |     8 |     8 |    40 |    16 |       ||    72
Invok: Berserk           |       |     3 |     5 |     6 |     6 |     6 |     2 ||    28
       Trog's Hand       |       |       |       |     3 |     7 |     4 |     3 ||    17
       Burn Spellbooks   |       |       |       |       |     2 |       |       ||     2
       Brothers in Arms  |       |       |       |       |     1 |     2 |     1 ||     4
 Abil: Fly               |       |       |       |       |     1 |     2 |       ||     3
       Stop Flying       |       |       |       |       |       |       |     1 ||     1
Evoke: Wand              |       |       |     2 |     8 |    12 |    35 |       ||    57
  Use: Scroll            |       |     6 |     8 |    15 |    20 |     6 |     2 ||    57
       Potion            |       |     1 |       |       |     1 |       |       ||     2
 Stab: Paralysed         |       |       |       |     2 |       |    18 |       ||    20
  Eat: Chunk             |       |     8 |    11 |     6 |     3 |     2 |       ||    30
       Royal jelly       |       |       |     1 |     2 |     9 |    18 |     3 ||    33
       Beef jerky        |       |       |     2 |     6 |     3 |     2 |     1 ||    14
       Pizza             |       |       |     1 |     5 |       |     1 |     1 ||     8
       Fruit             |       |       |       |     2 |    14 |       |       ||    16
